 Dungeon Crawl Stone Soup version 0.25-a0-496-g8c4878dea3 (webtiles) character file.

Game seed: 18195720458566884042, levelgen mode: deterministic

280806 Kohma the Tortoise (level 19, 0/185 HPs)
             Began as a Minotaur Fighter on Feb 11, 2020.
             Was an Initiate of Gozag.
             Killed by divine providence
             ... invoked by a smoke demon
              (14 damage)
             ... in a wizard's laboratory on Feb 12, 2020.
             The game lasted 02:16:57 (42818 turns).

Kohma the Tortoise (Minotaur Fighter)              Turns: 42818, Time: 02:16:58

Health: 0/185      AC: 43    Str: 29    XL:     19   Next: 69%
Magic:  25/26      EV: 16    Int:  5    God:    Gozag
Gold:   4914       SH: 25    Dex: 13    Spells: 18/18 levels left

rFire    + . .     SeeInvis +   a - +8 demon trident of the Illusory Coins {freeze, +Blink rC+ SInv}
rCold    + + .     Gourm    .   p - +5 kite shield of Donarphe {MR+ Str+2 Int-2 SInv}
rNeg     . . .     Faith    .   u - +4 crystal plate armour
rPois    .         Spirit   .   G - +2 hat
rElec    .         Reflect  +   T - scarf {rC+ rF+}
rCorr    .         Harm     .   N - +2 pair of gloves {Dex+3}
MR       ++...                  n - +2 pair of boots {run}
Stlth    ..........             K - +5 amulet of reflection
HPRegen  0.40/turn              W - +3 ring of protection
MPRegen  0.20/turn              w - +3 ring of evasion

@: liquid flames, gold aura, glowing, studying Polearms, quick
A: retaliatory headbutt, horns 2
}: 2/15 runes: decaying, gossamer
a: Potion Petition, Call Merchant, Bribe Branch, Renounce Religion, Evoke Blink


You were in a wizard's laboratory.
You worshipped Gozag.
Gozag was most pleased with you.
You were not hungry.

You visited 8 branches of the dungeon, and saw 36 of its levels.
You also visited: Bailey, Ice Cave and Wizlab.

You collected 15260 gold pieces.
You spent 3308 gold pieces at shops.
You paid 7038 gold pieces to Gozag.

Inventory:

Hand Weapons
 a - the +8 demon trident of the Illusory Coins (weapon) {freeze, +Blink rC+ SInv}
   (You found it in an ice cave)

   It has been specially enchanted to freeze those struck by it, causing extra
   injury to most foes and up to half again as much damage against particularly
   susceptible opponents.
   It can also slow down cold-blooded creatures.
   It protects you from cold.
   It lets you see invisible.
   It lets you blink.
Missiles
 k - 14 curare-tipped darts (quivered)
 z - 6 throwing nets
Armour
 n - a +2 pair of boots of running (worn)
 p - the +5 kite shield of Donarphe (worn) {MR+ Str+2 Int-2 SInv}
   (You found it on level 14 of the Dungeon)

   It affects your strength (+2).
   It affects your intelligence (-2).
   It affects your resistance to hostile enchantments.
   It lets you see invisible.
 u - a +4 crystal plate armour (worn)
 F - a scarf of cloud immunity
 G - a +2 hat (worn)
 N - a +2 pair of gloves of dexterity (worn)
 T - a scarf of resistance (worn)
Jewellery
 w - a +3 ring of evasion (right hand)
 K - a +5 amulet of reflection (around neck)
 W - a +3 ring of protection (left hand)
 Z - an uncursed ring of positive energy
Wands
 q - a wand of polymorph (9)
 r - a wand of clouds (3)
 s - a wand of enslavement (41)
 x - a wand of iceblast (6)
 A - a wand of disintegration (16)
 B - a wand of paralysis (19)
 M - a wand of digging (4)
 Q - a wand of scattershot (13)
 X - a wand of acid (5)
Scrolls
 c - 5 scrolls of magic mapping
 e - 14 scrolls of remove curse
 m - 7 scrolls of fear
 o - 18 scrolls of teleportation
 E - 5 scrolls of identify
 H - 12 scrolls of fog
 P - a scroll of summoning
 V - 4 scrolls of blinking
Potions
 d - 5 potions of might
 g - 4 potions of lignification
 h - 15 potions of curing
 i - 5 potions of agility
 j - 9 potions of heal wounds
 l - 5 potions of haste
 t - 5 potions of ambrosia
 v - 7 potions of berserk rage
 D - a potion of resistance
 I - 3 potions of cancellation
 O - a potion of invisibility
 U - 9 potions of flight
 Y - a potion of mutation
Books
 L - a manual of Polearms
Miscellaneous
 b - a fan of gales
 y - a phial of floods
 C - a lightning rod (4/4)
 J - a lamp of fire
 R - a phantom mirror
Comestibles
 f - 31 rations


   Skills:
 + Level 20.1 Fighting
   Level 14.0 Long Blades
 + Level 16.0 Polearms
 - Level 20.1 Armour
 + Level 13.1 Dodging
 - Level 15.0 Shields
 + Level 11.0 Evocations


You had 18 spell levels left.
You didn't know any spells.
Your spell library contained the following spells:

 Spells                   Type           Power        Failure   Level  Hunger
 Animate Skeleton         Necr           N/A          99%         1    ##.....
 Apportation              Tloc           #.....       99%         1    ##.....
 Corona                   Hex            #......      99%         1    ##.....
 Magic Dart               Conj           #...         99%         1    ##.....
 Pain                     Necr           #...         99%         1    ##.....
 Sting                    Tmut/Pois      #...         99%         1    ##.....
 Summon Small Mammal      Summ           #...         99%         1    ##.....
 Blink                    Tloc           N/A          100%        2    ###....
 Corpse Rot               Necr/Air       N/A          100%        2    ###....
 Poisonous Vapours        Pois/Air       #.....       100%        2    ###....
 Searing Ray              Conj           #.....       100%        2    ###....
 Shroud of Golubria       Chrm/Tloc      #.....       100%        2    ###....
 Sublimation of Blood     Necr           #.........   100%        2    ###....
 Dazzling Flash           Conj/Hex       #.....       100%        3    ####...
 Gell's Gravitas          Tloc           #.........   100%        3    ####...
 Ignite Poison            Fire/Tmut/Pois #.......     100%        3    ####...
 Lesser Beckoning         Tloc           #.........   100%        3    ####...
 Mephitic Cloud           Conj/Pois/Air  #.......     100%        3    ####...
 Stone Arrow              Conj/Erth      #.....       100%        3    ####...
 Teleport Other           Tloc           #.......     100%        3    ####...
 Vampiric Draining        Necr           #.........   100%        3    ####...
 Animate Dead             Necr           N/A          100%        4    #####..
 Dispel Undead            Necr           #.......     100%        4    #####..
 Fulminant Prism          Conj/Hex       #.........   100%        4    #####..
 Iskenderun's Mystic Bla  Conj/Tloc      #.......     100%        4    #####..
 Leda's Liquefaction      Hex/Erth       #.........   100%        4    #####..
 Olgreb's Toxic Radiance  Pois           #.......     100%        4    #####..
 Passage of Golubria      Tloc           N/A          100%        4    #####..
 Petrify                  Tmut/Erth      #.......     100%        4    #####..
 Agony                    Necr           #.......     100%        5    ######.
 Alistair's Intoxication  Tmut/Pois      #.......     100%        5    ######.
 Bolt of Magma            Conj/Fire/Erth #.........   100%        5    ######.
 Excruciating Wounds      Chrm/Necr      #.........   100%        5    ######.
 Fireball                 Conj/Fire      #.........   100%        5    ######.
 Irradiate                Conj/Tmut      #.........   100%        5    ######.
 Summon Forest            Summ/Tloc      #.........   100%        5    ######.
 Eringya's Noxious Bog    Tmut/Pois      #.........   100%        6    #######
 Hydra Form               Tmut           #.........   100%        6    #######
 Iron Shot                Conj/Erth      #.........   100%        6    #######
 Statue Form              Tmut/Erth      #........    100%        6    #######
 Dragon Form              Tmut           #.........   100%        7    #######
 Ring of Flames           Chrm/Fire      #.........   100%        7    #######
 Spellforged Servitor     Conj/Summ      #.........   100%        7    #######
 Summon Hydra             Summ           #.........   100%        7    #######
 Shatter                  Erth           #.........   100%        9    #######


Dungeon Overview and Level Annotations

Branches:
Dungeon (15/15)            Temple (1/1) D:5            Lair (6/6) D:11
  Swamp (4/4) Lair:4       Spider (4/4) Lair:2        Slime (0/5) Lair:5
    Orc (2/2) D:12            Elf (3/3) Orc:2        Vaults (1/5) D:14
 Depths (0/5) D:15         Bailey (visited)           IceCv (visited)
 WizLab (1/1)

Altars:
Ashenzari
Cheibriados
Dithmenos
Elyvilon
Fedhas
Gozag
Hepliaklqana
Kikubaaqudgha
Makhleb
Nemelex Xobeh
Okawaru
Qazlal
Ru
Sif Muna
Trog
Vehumet
Wu Jian
Xom
Yredelemnul
Zin
The Shining One
Beogh
Jiyva

Shops:
D:4 !=[*=   D:13 ?   D:15 =(:   Orc:1 (   Orc:2 }*[[::   Elf:1 %   Elf:3 *
Swamp:2 !   Spider:3 [

Annotations:
D:4 1 runed translucent door
D:14 1 exclusion
Lair:1 3 runed translucent doors, Gyebin's ghost, journeyman DEIE


Innate Abilities, Weirdness & Mutations

You reflexively headbutt those who attack you in melee.
You have a pair of horns on your head.


Message History

* * * LOW HITPOINT WARNING * * *
Okay, then.
You feel better.
You are covered in liquid flames!
* * * LOW HITPOINT WARNING * * *
You feel less invigorated.
The balrug hits you with a +0 demon whip of freezing.
* * * LOW HITPOINT WARNING * * *
You are engulfed in flames!
You resist.
* * * LOW HITPOINT WARNING * * *
The sun demon closely misses you. You block the balrug's attack.
You block the soul eater's attack.
You blink.
You feel slightly more hungry.
You are covered in liquid flames!
* * * LOW HITPOINT WARNING * * *
You feel a little less mighty now. The smoke demon gestures at you.
Something smites you!
You die...
Your body crumbles into a pile of gold.

## ########### ###.##
#8...∩§3.8# ##.....##
#.....323.#
##.......###.@##.##..#
#.........##.##...##.#
##.........##....#.$.3#
#!.............#...#3...3.
#!...............∩........
#.......2.##..#...#..##..
#.........##....#....# .
#.......###.##...##.#
##..23.## #..##.## .#


You could see a balrug, a soul eater, a sun demon and a smoke demon.

Vanquished Creatures
  Nikola (Swamp:3)
  Jorgrun (D:14)
  Rupert (Lair:4)
  Asterion (Vaults:1)
  A deep elf master archer (Elf:3)
  Gastronok (Lair:1)
  3 deep elf blademasters
  Kirke (Swamp:2)
  2 thorn hunters
  Donald (Orc:2)
  Roxanne (Elf:1)
  Aizul (Swamp:4)
  3 ghost moths (Spider:4)
  An orc warlord (Orc:2)
  A cacodemon (WizLab)
  9 deep elf sorcerers (Elf:3)
  9 emperor scorpions
  A deep elf elementalist (Elf:3)
  A reaper (IceCv)
  An entropy weaver (Spider:2)
  A stone giant (Orc:2)
  4 deep elf demonologists
  9 deep elf annihilators
  Snorg (Lair:3)
  5 deep elf death magi (Elf:3)
  A green death (WizLab)
  A blizzard demon (WizLab)
  The ghost of RedPan the Cruncher, a journeyman GnWn of Makhleb (Lair:4)
  Josephine (Orc:2)
  Fannar (D:12)
  8 deep elf high priests (Elf:3)
  4 vault guards (D:14)
  20 hydras
  A ghost crab (Swamp:2)
  Erica (D:8)
  5 two-headed ogres
  5 shambling mangroves
  The ghost of Oticixaw the Blocker, a novice DDFi of Makhleb (D:11)
  11 alligators
  A centaur warrior (D:13)
  A catoblepas (Lair:6)
  4 orc high priests (Orc:2)
  A titan zombie (D:15)
  2 sun demons (WizLab)
  11 deep elf knights
  2 soul eaters (WizLab)
  2 skeletal warriors (D:15)
  An unseen horror (D:12)
  4 spriggan druids
  5 deep elf archers
  A phantasmal warrior (D:15)
  14 swamp dragons
  5 orc knights
  A necromancer (D:15)
  17 orb spiders
  35 wolf spiders
  4 ugly things (D:14)
  5 orc sorcerers
  4 manticores
  51 deep elf magi
  3 moths of wrath
  2 cyclopes (D:11)
  5 elephants
  4 black mambas
  2 ice statues (IceCv)
  Psyche (D:8)
  An orange demon (WizLab)
  22 spiny frogs
  A hellion (WizLab)
  3 torpor snails
  A rime drake (Lair:3)
  A freezing wraith (D:15)
  9 demonic crawlers
  A yaktaur zombie (D:15)
  2 kobold demonologists
  A spriggan zombie (D:15)
  An efreet (D:13)
  11 ice devils
  7 komodo dragons
  6 trolls
  A troll (shapeshifter) (Elf:1)
  13 tyrant leeches
  3 polar bears
  12 hornets
  43 jumping spiders
  20 blink frogs
  15 bog bodies
  10 slime creatures (Swamp:2)
  3 dream sheep (Lair:6)
  A hippogriff (shapeshifter) (D:14)
  An ice dragon skeleton (D:15)
  2 air elementals
  2 shadows
  A tarantella (shapeshifter) (Elf:2)
  4 water elementals
  13 spriggans
  27 tarantellas
  65 redbacks
  23 yaks
  A fire elemental (Elf:1)
  A vampire (D:12)
  5 wraiths
  3 basilisks
  7 wyverns
  8 humans (D:14)
  A golden eye (shapeshifter) (Elf:1)
  23 vampire mosquitoes
  A neqoxec (WizLab)
  A steam dragon (D:9)
  4 hungry ghosts
  A chaos spawn (WizLab)
  3 soldier ants
  4 wargs (Orc:2)
  2 acid dragons
  11 swamp worms
  6 water moccasins
  6 insubstantial wisps
  Duvessa (D:6)
  13 swamp drakes
  15 porcupines
  48 orc warriors
  2 sky beasts
  2 black bears
  An eye of draining (shapeshifter) (Elf:1)
  2 phantoms
  An ice beast (D:15)
  4 boggarts (Lair:4)
  18 ogres
  5 wolves
  14 crocodiles
  2 centaurs
  10 big kobolds
  A wyvern zombie (D:13)
  2 earth elementals (Elf:3)
  36 bullfrogs
  A gnoll sergeant (D:10)
  The ghost of astraldaughter the Chiller, an amateur FeIE of Elyvilon (D:4)
  2 wyvern skeletons
  5 killer bees (D:8)
  Dowan (D:6)
  2 scorpions
  4 wights (D:10)
  2 howler monkeys
  6 electric eels
  2 bullfrog zombies
  4 crimson imps
  2 centaur zombies
  2 jellies
  4 hounds
  2 bullfrog skeletons
  38 orc priests
  3 centaur skeletons
  6 iguanas
  23 orc wizards
  9 worker ants
  5 hell rats (Lair:6)
  2 hound zombies
  Robin (D:3)
  A worker ant zombie (D:10)
  18 gnolls
  15 adders
  5 shadow imps
  6 white imps (IceCv)
  5 ufetubi (IceCv)
  4 oozes
  2 adder skeletons
  3 worms
  2 dart slugs (D:2)
  5 leopard geckos
  108 orcs
  2 ball pythons
  6 giant cockroaches
  23 goblins
  14 hobgoblins
  18 jackals
  5 quokkas
  7 bats
  4 frilled lizards
  20 kobolds
  A leopard gecko skeleton (D:4)
  A quokka skeleton (D:9)
  9 rats
  A fungus (Lair:4)
1313 creatures vanquished.

Vanquished Creatures (others)
  2 centaur warriors
  33 dancing weapons
  A deep elf knight (Elf:2)
  Sonja (D:12)
  A deep elf archer (Elf:2)
  4 deep elf magi (Elf:2)
  A cyclops (D:11)
  A spiny frog (Swamp:2)
  A tarantella (Spider:3)
  An orc warrior (Orc:2)
  A centaur (D:10)
  An orc priest (Orc:2)
  7 white imps (IceCv)
  2 ufetubi (IceCv)
  An orc (Orc:2)
  7 kobolds (Bailey)
  7 fungi (Lair:6)
  37 plants (Lair:6)
109 creatures vanquished.

Grand Total: 1422 creatures vanquished

Notes
Turn   | Place    | Note
-------+----------+-------------------------------------------
     0 | D:1      | Kohma the Minotaur Fighter began the quest for the Orb.
     0 | D:1      | Reached XP level 1. HP: 19/19 MP: 0/0
    88 | D:1      | Reached XP level 2. HP: 15/27 MP: 1/1
   404 | D:1      | Reached XP level 3. HP: 32/33 MP: 2/2
   825 | D:2      | Reached XP level 4. HP: 35/40 MP: 3/3
   868 | D:2      | Identified a +2 pair of boots of running (You found it on
                  | level 2 of the Dungeon)
  1167 | D:2      | Reached skill level 5 in Shields
  1384 | D:2      | Found a bloodstained altar of Trog.
  1537 | D:2      | Reached XP level 5. HP: 46/46 MP: 4/4
  1799 | D:3      | Found a white marble altar of Elyvilon.
  2003 | D:3      | Found an ornate altar of the Wu Jian Council.
  2042 | D:3      | Found a sacrificial altar of Ru.
  2042 | D:3      | Noticed Robin
  2049 | D:3      | Killed Robin
  2067 | D:3      | Found a snail-covered altar of Cheibriados.
  2407 | D:4      | Noticed a hungry ghost
  2431 | D:4      | Killed a hungry ghost
  2431 | D:4      | Reached XP level 6. HP: 45/55 MP: 3/5
  2461 | D:4      | Found Lewnarr's Distillery.
  2465 | D:4      | Bought a potion of lignification for 36 gold pieces
  2465 | D:4      | Bought a potion of curing for 36 gold pieces
  2465 | D:4      | Bought a potion of heal wounds for 60 gold pieces
  2509 | D:4      | Reached skill level 5 in Long Blades
  2573 | D:4      | Found an ancient bone altar of Kikubaaqudgha.
  2613 | D:4      | Found a runed translucent door.
  2640 | D:4      | Reached skill level 5 in Armour
  2663 | D:4      | Noticed astraldaughter's ghost (amateur FeIE)
  2681 | D:4      | Found a runed translucent door.
  2682 | D:4      | Found an opulent altar of Gozag.
  2682 | D:4      | Found Gozag's Platinum Reserve.
  2686 | D:4      | Reached skill level 5 in Fighting
  2715 | D:4      | Found Baoboja's Jewellery Shop.
  2790 | D:4      | Became a worshipper of Gozag Ym Sagoz the Greedy
  2823 | D:4      | Killed astraldaughter's ghost
  2823 | D:4      | Reached XP level 7. HP: 37/61 MP: 4/6
  2950 | D:4      | Found Zuetoesi's Armour Boutique.
  3128 | D:4      | Found Ysykkus's Jewellery Boutique.
  3255 | D:5      | Entered Level 5 of the Dungeon
  3492 | D:5      | Reached XP level 8. HP: 68/70 MP: 7/7
  3558 | D:5      | Found a staircase to the Ecumenical Temple.
  3598 | Temple   | Entered the Ecumenical Temple
  3807 | D:5      | Found an iron altar of Okawaru.
  4117 | D:6      | Found a burning altar of Makhleb.
  4309 | D:6      | Found a basalt altar of Yredelemnul.
  4327 | D:6      | Noticed Dowan
  4328 | D:6      | Noticed Duvessa
  4337 | D:6      | Killed Dowan
  4339 | D:6      | Killed Duvessa
  4785 | D:7      | Reached XP level 9. HP: 65/78 MP: 6/8
  5621 | D:8      | Reached skill level 10 in Shields
  5894 | D:8      | Noticed Psyche
  5901 | D:8      | Noticed Erica
  5903 | D:8      | Killed Psyche
  5909 | D:8      | Reached skill level 10 in Long Blades
  5931 | D:8      | Killed Erica
  5931 | D:8      | Reached XP level 10. HP: 82/88 MP: 9/9
  6677 | D:9      | Noticed a deep elf mage
  6686 | D:9      | Killed a deep elf mage
  6823 | D:9      | Noticed a seven-headed hydra
  6826 | D:9      | Killed a four-headed hydra
  6897 | D:9      | Found a blossoming altar of Fedhas.
  7108 | D:9      | Reached XP level 11. HP: 97/97 MP: 10/10
  7260 | D:10     | Entered Level 10 of the Dungeon
  7929 | D:10     | Noticed a centaur warrior
  7930 | D:10     | Killed a centaur warrior
  7930 | D:10     | Reached skill level 10 in Fighting
  8053 | D:11     | Found a staircase to the Lair.
  8205 | D:11     | Found a runed translucent gate.
  8207 | D:11     | Found a runed translucent gate.
  8207 | D:11     | Found a runed translucent gate.
  8208 | D:11     | Noticed Oticixaw's ghost (novice DDFi)
  8208 | D:11     | Noticed a ten-headed hydra
  8208 | D:11     | Noticed a 12-headed hydra
  8223 | D:11     | Killed a five-headed hydra
  8223 | D:11     | Reached skill level 1 in Polearms
  8229 | D:11     | Killed Oticixaw's ghost
  8235 | D:11     | Killed an eight-headed hydra
  8854 | D:11     | Upgraded the game from 0.25-a0-489-g9ae84a01e3 to
                  | 0.25-a0-496-g8c4878dea3
  8855 | Lair:1   | Entered Level 1 of the Lair of Beasts
  9107 | Lair:1   | Found a runed translucent gate.
  9174 | Lair:1   | Noticed Gastronok
  9194 | Lair:1   | Killed Gastronok
  9194 | Lair:1   | Reached XP level 12. HP: 57/110 MP: 6/11
  9656 | Lair:1   | Reached skill level 5 in Polearms
  9822 | Lair:1   | Found a runed translucent gate.
  9823 | Lair:1   | Found a runed translucent gate.
  9823 | Lair:1   | Noticed Gyebin's ghost (journeyman DEIE)
  9825 | Lair:1   | Found a viscous altar of Jiyva.
  9997 | Lair:2   | Reached skill level 15 in Shields
 10163 | Lair:2   | Found a hole to the Spider Nest.
 10267 | Lair:2   | Noticed a five-headed hydra
 10272 | Lair:2   | Killed a three-headed hydra
 10287 | Lair:2   | Noticed a four-headed hydra
 10300 | Lair:2   | Killed a two-headed hydra
 10558 | Lair:2   | Noticed a seven-headed hydra
 10564 | Lair:2   | Killed a one-headed hydra
 11688 | Lair:3   | Noticed Snorg
 11692 | Lair:3   | Killed Snorg
 11786 | Lair:4   | Found a transporter.
 11789 | Lair:4   | Found a transporter.
 11794 | Lair:4   | Found a bloodstained altar of Trog.
 11800 | Lair:4   | Identified the +8 trident "Beanop" {antimagic, MP+9 Int+3}
 11801 | Lair:4   | Noticed RedPan's ghost (journeyman GnWn)
 11862 | Lair:4   | Noticed a four-headed hydra
 11871 | Lair:4   | Killed a one-headed hydra
 11871 | Lair:4   | Reached skill level 1 in Dodging
 12084 | Lair:4   | Noticed a five-headed hydra
 12089 | Lair:4   | Noticed a five-headed hydra
 12147 | Lair:4   | Found a staircase to the Swamp.
 12152 | Lair:4   | Noticed Rupert
 12153 | Lair:4   | Reached XP level 13. HP: 114/119 MP: 12/12
 12178 | Lair:4   | Killed Rupert
 13124 | Lair:5   | Got a pitted dagger
 13125 | Lair:5   | Identified the +6 dagger "Beastbane" {venom, rN+ MR+} (You
                  | found it on level 5 of the Lair of Beasts)
 13647 | Lair:5   | Found a staircase to the Slime Pits.
 14017 | Lair:6   | Entered Level 6 of the Lair of Beasts
 14082 | Lair:6   | Reached skill level 5 in Dodging
 14165 | Lair:6   | Reached skill level 10 in Polearms
 14394 | Lair:6   | Reached skill level 10 in Armour
 15481 | Lair:6   | Reached XP level 14. HP: 115/127 MP: 11/13
 16220 | Lair:4   | Killed RedPan's ghost
 16697 | D:12     | Noticed Sonja
 17000 | D:12     | Found a staircase to the Orcish Mines.
 17188 | D:12     | Noticed Fannar
 17199 | D:12     | Killed Sonja
 17212 | D:12     | Killed Fannar
 18061 | D:12     | Found a staircase to the Orcish Mines.
 18481 | D:13     | Found Papo's Magic Scroll Shop.
 18489 | D:13     | Bought a scroll of acquirement for 728 gold pieces
 18537 | D:13     | Found a flagged portal.
 18547 | Bailey   | Entered a bailey
 19542 | D:14     | Found a shadowy altar of Dithmenos.
 19606 | D:14     | Found a frozen archway.
 19615 | IceCv    | Entered an ice cave
 20290 | IceCv    | Noticed a reaper
 20330 | IceCv    | Killed a reaper
 20714 | IceCv    | Got an ichor-stained demon trident
 20715 | IceCv    | Identified the +8 demon trident of the Illusory Coins
                  | {freeze, +Blink rC+ SInv} (You found it in an ice cave)
 20922 | D:14     | Noticed Jorgrun
 20944 | D:14     | Killed Jorgrun
 21063 | D:14     | Reached skill level 10 in Dodging
 21144 | D:14     | Got a heavily runed kite shield
 21148 | D:14     | Identified the +5 kite shield of Donarphe {MR+ Str+2 Int-2
                  | SInv} (You found it on level 14 of the Dungeon)
 21177 | D:14     | Found a gate to the Vaults.
 21488 | D:15     | Entered Level 15 of the Dungeon
 21488 | D:15     | Found Uralo's Book Shoppe.
 21601 | D:15     | Reached XP level 15. HP: 134/134 MP: 14/14
 21636 | D:15     | Found Utimigui's Jewellery Boutique.
 21641 | D:15     | Bought a +3 ring of evasion for 231 gold pieces
 21655 | D:15     | Found a staircase to the Depths.
 22163 | Orc:1    | Entered Level 1 of the Orcish Mines
 22181 | Orc:1    | Found Poolir's Antique Weapon Emporium.
 22658 | Orc:1    | Found a roughly hewn altar of Beogh.
 22753 | Orc:2    | Entered Level 2 of the Orcish Mines
 22787 | Orc:2    | Reached skill level 1 in Evocations
 22998 | Orc:2    | Noticed Josephine
 23011 | Orc:2    | Killed Josephine
 23475 | Orc:2    | Found a roughly hewn altar of Beogh.
 23608 | Orc:2    | Found Xuth's Book Emporium.
 23634 | Orc:2    | Found Itruehiu's Book Shoppe.
 23757 | Orc:2    | Noticed Donald
 23779 | Orc:2    | Killed Donald
 24072 | Orc:2    | Found a staircase to the Elven Halls.
 24198 | Orc:2    | Got a crude buckler
 24199 | Orc:2    | Identified the +3 buckler of Mezcal {Str+4} (You found it
                  | on level 2 of the Orcish Mines)
 24335 | Orc:2    | Found a roughly hewn altar of Beogh.
 24342 | Orc:2    | Noticed an orc warlord
 24353 | Orc:2    | Killed an orc warlord
 24399 | Orc:2    | Found Vuownuap's Gadget Emporium.
 24440 | Orc:2    | Bought a wand of acid (4) for 240 gold pieces
 24459 | Orc:2    | Found Cesaf's General Store.
 24492 | Orc:2    | Bought a wand of clouds (3) for 315 gold pieces
 24913 | D:15     | Bought a crystal trident for 195 gold pieces
 24913 | D:15     | Identified the +7 trident of Plunder {vorpal, *Drain Dex+5
                  | Stlth+} (You bought it in a shop on level 15 of the
                  | Dungeon)
 25090 | Swamp:1  | Entered Level 1 of the Swamp
 26099 | Swamp:2  | Got a scorched chain mail
 26100 | Swamp:2  | Identified the +8 chain mail of Vomauh {+Fly Str+3} (You
                  | found it on level 2 of the Swamp)
 26157 | Swamp:2  | Noticed a thorn hunter
 26181 | Swamp:2  | Killed a thorn hunter
 26246 | Swamp:2  | Reached XP level 16. HP: 135/145 MP: 18/18
 26248 | Swamp:2  | Reached skill level 5 in Evocations
 26435 | Swamp:2  | Noticed Kirke
 26454 | Swamp:2  | Killed Kirke
 26636 | Swamp:2  | Reached skill level 15 in Armour
 26855 | Swamp:2  | Bought a potion of heal wounds for 90 gold pieces
 26855 | Swamp:2  | Bought a potion of heal wounds for 90 gold pieces
 26855 | Swamp:2  | Bought a potion of heal wounds for 90 gold pieces
 26855 | Swamp:2  | Bought a potion of heal wounds for 90 gold pieces
 27449 | Swamp:4  | Entered Level 4 of the Swamp
 27449 | Swamp:4  | Noticed Nikola
 27484 | Swamp:3  | Killed Nikola
 27671 | Swamp:4  | Got a faintly glowing spear
 27672 | Swamp:4  | Identified the +6 spear of Lies {pain, rN+} (You found it
                  | on level 4 of the Swamp)
 27696 | Swamp:4  | Got a vibrating tin amulet
 27697 | Swamp:4  | Identified the amulet "Laute" {Faith rElec rC+} (You found
                  | it on level 4 of the Swamp)
 27702 | Swamp:4  | Noticed Aizul
 27724 | Swamp:4  | Killed Aizul
 28303 | Swamp:4  | Reached skill level 15 in Fighting
 28859 | Swamp:4  | Noticed a thorn hunter
 28872 | Swamp:4  | Killed a thorn hunter
 28995 | Swamp:4  | Paralysed by a hornet for 3 turns
 29185 | Swamp:4  | Got a decaying rune of Zot
 29545 | Orc:2    | Bought a runed scarf for 168 gold pieces
 29562 | Elf:1    | Entered Level 1 of the Elven Halls
 29900 | Elf:1    | Identified Roxanne's Papyrus of the Rocks
 29900 | Elf:1    | Noticed Roxanne
 29966 | Elf:1    | Killed Roxanne
 29966 | Elf:1    | Reached XP level 17. HP: 156/156 MP: 22/22
 30139 | Elf:1    | Found Dicaumuv's Food Shoppe.
 30275 | Elf:1    | Identified Ozan's Compendium of Attacks
 32317 | Elf:2    | Got a scorched glaive
 32318 | Elf:2    | Identified the +3 glaive "Xipi" {vorpal, rN+ Str+2 Stlth+}
                  | (You found it on level 2 of the Elven Halls)
 32386 | Elf:2    | Found a huge runed translucent gate.
 32386 | Elf:2    | Found a huge runed translucent gate.
 32386 | Elf:2    | Found a huge runed translucent gate.
 32386 | Elf:2    | Found a huge runed translucent gate.
 32388 | Elf:2    | Found a huge runed translucent gate.
 32703 | Elf:2    | Noticed a deep elf blademaster
 32714 | Elf:2    | Killed a deep elf blademaster
 32823 | Elf:2    | Reached skill level 10 in Evocations
 33323 | Elf:3    | Entered Level 3 of the Elven Halls
 34313 | Elf:3    | Reached XP level 18. HP: 160/170 MP: 24/24
 34378 | Elf:3    | HP: 8/171 [poisoned by a deep elf annihilator (poison
                  | arrow)]
 36033 | Elf:3    | Identified the +1 broad axe of the Spider {drain, rF+}
 36257 | Elf:3    | Got a pitted garnet amulet
 36350 | Elf:3    | Identified Zaggadoi's Tome of Toxic Conjuration
 36383 | Elf:3    | Identified the Volume of Self-Improvement and Flight
 36410 | Elf:3    | Got a warped long sword
 36411 | Elf:3    | Identified the +5 long sword "Hydra's Death Toll" {venom,
                  | rN+} (You found it on level 3 of the Elven Halls)
 36413 | Elf:3    | Identified the amulet of Huyhiuror {+Rage Int+4} (You found
                  | it on level 3 of the Elven Halls)
 36482 | Elf:3    | Bought a potion of heal wounds for 140 gold pieces
 36482 | Elf:3    | Bought a scroll of magic mapping for 98 gold pieces
 36482 | Elf:3    | Bought a potion of heal wounds for 140 gold pieces
 36482 | Elf:3    | Bought a short wooden wand for 112 gold pieces
 36753 | Spider:1 | Entered Level 1 of the Spider Nest
 37190 | Orc:2    | Bought a pair of runed gloves for 157 gold pieces
 37738 | Spider:1 | Got a fine bone ring
 37739 | Spider:1 | Identified the ring "Vosufa" {Fire Str+6} (You found it on
                  | level 1 of the Spider Nest)
 38251 | Spider:2 | You fall into a shaft and drop 1 floor!
 39083 | Spider:2 | Reached XP level 19. HP: 182/183 MP: 25/25
 40453 | Spider:4 | Entered Level 4 of the Spider Nest
 41214 | Spider:4 | Reached skill level 15 in Polearms
 41715 | Spider:3 | Bought a pair of glowing gloves for 292 gold pieces
 42221 | Spider:4 | Got a gossamer rune of Zot
 42556 | Vaults:1 | Entered Level 1 of the Vaults
 42594 | Vaults:1 | Noticed Asterion
 42609 | Vaults:1 | Killed Asterion
 42663 | Vaults:1 | Found a magical portal.
 42818 | WizLab   | Killed from afar by a smoke demon

Levels and vault maps discovered:
D:1:      moated_graveyard_arrival, layout_basic, minmay_pentomino_q2
D:2:      layout_loops_ring, bloody_trog, serial_rivers,
          chequers_serial_rivers_small_3, chequers_serial_rivers_micro_c,
          chequers_serial_rivers_large_a, chequers_serial_rivers_room_a,
          st_stairs_4
D:3:      layout_rooms, lemuel_round_altar, grunt_temple_overflow_open,
          lemuel_round_altar, first_ration, uniq_robin
D:4:      layout_loops_cross, nicolae_gozag_zags_fifth_avenue,
          marbit_many_paths, ebering_ghost_sewer_f, serial_shops, shop,
          nicolae_shop_waterfront, shop, nicolae_shop_trees
D:5:      layout_basic, lemuel_coloured_pillars_altar,
          minmay_temple_entry_sparse_star, minmay_manual_mess
D:6:      layout_basic, bloody_makhleb, yredelemnul_altar_generic,
          nicolae_overflow_hidden_temple, uniq_duvessa
D:7:      layout_gridville
D:8:      layout_rooms, special_room [special_room_kobold],
          hangedman_pestilent_swarm, minivault_10,
          kennysheep_opposing_triangles, uniq_erica, uniq_psyche
D:9:      layout_roguey, overflow_temple_1_default
D:10:     cheibrodos_elevator_heist, layout_small_grid
D:11:     layout_rooms, grunt_lair_entry_orc_guard_hut,
          gammafunk_ghost_hydra_chop
D:12:     layout_long_grid, erik_orc_3, uniq_fannar, uniq_sonja
D:13:     layout_small_grid, serial_shops, nicolae_shop_crystal, enter_bailey_6
D:14:     layout_gridville, ximxim_vaults_locker_room,
          portal_ice_cave_entry_pillars_1, grunt_dithmenos_smoke_and_mirrors,
          fungi_pond_lemuel, drop_trap, uniq_jorgrun
D:15:     gammafunk_depths_entry_grave, layout_rooms, serial_shops, shop, shop,
          abandoned_shop
Temple:   eino_wide_crystal_templ
Lair:1:   layout_roguey, gammafunk_ghost_ooze, beast_lair_carwin_6,
          infiniplex_staircase_pool, uniq_gastronok
Lair:2:   layout_roguey, spider_nest_entry_funnel_web
Lair:3:   layout_misc_corridors, st_stairs_4, uniq_snorg
Lair:4:   layout_gridlike, minmay_swamp_entry_reptiles,
          gammafunk_ghost_wrathful_warriors, kilobyte_rumbling_trees,
          serial_bayou_shore_b, lemuel_fruit_tree, uniq_rupert
Lair:5:   layout_gridlike, dpeg_slime_entry_corner
Lair:6:   minmay_lair_end_frog_pond, layout_layer_cave, fungi_pond_lemuel,
          serial_bayou_pond_c
Swamp:1:  layout_basic_swamp, evilmike_swamp_ruin_house_5
Swamp:2:  layout_basic_swamp, evilmike_swamp_ruin_rubble_1,
          statue_in_the_mist_lemuel, uniq_kirke
Swamp:3:  layout_basic_swamp, hangedman_swamp_blocks
Swamp:4:  swamp_basic_johnstein, layout_basic_swamp, uniq_aizul, uniq_nikola
Spider:1: layout_spider_delve
Spider:2: layout_spider_delve
Spider:3: layout_spider_delve
Spider:4: grunt_spider_rune_circles
Orc:1:    layout_diamond_mine, serial_shops, shop, david_defended_altar_orc
Orc:2:    pubby_orc_utopia, uniq_donald, uniq_josephine
Elf:1:    minmay_elf_arrival_plus, layout_onion_city, serial_shops,
          nicolae_shop_stone, minmay_elf_annihilation, uniq_roxanne
Elf:2:    layout_rooms, serial_sigils_hangedman_scratch, st_stairs_1
Elf:3:    minmay_elf_hall_hex, layout_geoelf_castle
Vaults:1: ebering_vaults_ghost_reflecting_pool, vaults_mumra_chevron,
          hangedman_vaults_hard_town_square,
          vaults_standard_mumra_enter_the_diamond,
          hangedman_vaults_stretched_pinwheel, v_misc_33, grunt_vaults_funnel,
          hangedman_vaults_nails, v_alt_pattern_3, nicolae_vaults_asterisk,
          nicolae_vaults_rhombus_7, ontoclasm_vaults_loading_screen,
          layout_vaults_ring, infiniplex_enter_wizlab_glasses, uniq_asterion
WizLab:   wizlab_demon

Skill      XL: |  1  2  3  4  5  6  7  8  9 10 11 12 13 14 15 16 17 18 19 |
---------------+----------------------------------------------------------+-----
Shields        | 4 5 6 7 9 10 12 14 15 | 15.0
Long Blades    | 3 4 5 6 8 10 12 13 14 | 14.0
Armour         | 4 5 6 7 10 13 14 16 18 20 | 20.1
Fighting       | 4 5 6 8 9 11 12 13 15 17 19 20 | 20.1
Polearms       | 4 8 11 14 16 | 16.0
Dodging        | 2 7 10 12 13 | 13.1
Evocations     | 4 8 10 11 | 11.0

Action                   |  1- 3 |  4- 6 |  7- 9 | 10-12 | 13-15 | 16-18 | 19-21 || total
-------------------------+-------+-------+-------+-------+-------+-------+-------++-------
Melee: Long sword        |    63 |   104 |       |       |       |       |       ||   167
       Headbutt          |     5 |    32 |    62 |   152 |   344 |   237 |   155 ||   987
       Short sword       |       |    23 |       |       |       |       |       ||    23
       Dagger            |       |    86 |   324 |     8 |       |       |       ||   418
       Scimitar          |       |       |       |   574 |   486 |    10 |       ||  1070
       Trident           |       |       |       |       |   491 |       |       ||   491
       Demon trident     |       |       |       |       |   808 |  1379 |   594 ||  2781
Throw: Dart              |       |       |     8 |       |     6 |       |       ||    14
Invok: Potion Petition   |       |       |       |     1 |       |     1 |       ||     2
       Call Merchant     |       |       |       |       |     1 |     4 |     1 ||     6
 Abil: Evoke Blink       |       |       |       |       |       |     1 |     1 ||     2
Evoke: Lightning rod     |       |       |       |     3 |       |       |       ||     3
       Wand              |       |       |       |       |     4 |     1 |       ||     5
       Sack of spiders   |       |       |       |       |       |     1 |       ||     1
  Use: Scroll            |       |    12 |     6 |     5 |    20 |    12 |     5 ||    60
       Potion            |       |       |       |       |     7 |     4 |     3 ||    14
 Stab: Invisible         |       |       |       |     4 |     1 |       |       ||     5
       Distracted        |       |       |       |     2 |    12 |     5 |     1 ||    20
       Sleeping          |       |       |       |       |     1 |       |       ||     1
  Eat: Chunk             |       |     5 |     1 |       |       |       |       ||     6
       Ration            |       |     1 |     2 |     6 |    14 |    11 |     4 ||    38
Armor: Scale mail        |    40 |    37 |       |       |       |       |       ||    77
       Ring mail         |       |    70 |    46 |       |       |       |       ||   116
       Plate armour      |       |       |    39 |   168 |   288 |       |       ||   495
       Skin              |       |       |     7 |       |       |       |       ||     7
       Crystal plate arm |       |       |       |       |    70 |   417 |   159 ||   646
Dodge: Dodged            |    32 |    50 |    60 |   114 |   252 |   345 |   186 ||  1039
Block: Kite shield       |    37 |   107 |   143 |   356 |   930 |   983 |   584 ||  3140
       Reflection        |       |       |       |    13 |    72 |    65 |       ||   150
       Rpst.: Long sword |     8 |     6 |       |       |       |       |       ||    14
       Scimitar          |       |       |       |    36 |    13 |       |       ||    49

Table legend:
 A = Non-vault XP
 B = Vault XP
 C = Vault XP percentage of total XP
 D = Non-vault monster count
 E = Vault monster count
 F = Vault count percentage of total count
                 A         B        C        D         E       F
            +---------+---------+-------+---------+---------+-------
      Total |  215700 |  228816 |  51.5 |     817 |     546 |  40.1
            +---------+---------+-------+---------+---------+-------
        D:1 |      64 |       3 |   4.5 |      29 |       2 |   6.5
        D:2 |     132 |      16 |  10.8 |      26 |       3 |  10.3
        D:3 |      55 |      39 |  41.5 |      13 |      13 |  50.0
        D:4 |     482 |      92 |  16.0 |      25 |       4 |  13.8
        D:5 |     694 |     123 |  15.1 |      18 |       3 |  14.3
        D:6 |     812 |     211 |  20.6 |      20 |       2 |   9.1
        D:7 |     697 |       0 |   0.0 |      22 |       0 |   0.0
        D:8 |    1429 |    3363 |  70.2 |      20 |      23 |  53.5
        D:9 |    2963 |       0 |   0.0 |      22 |       0 |   0.0
       D:10 |    2666 |    1311 |  33.0 |      25 |       6 |  19.4
       D:11 |    1689 |    3556 |  67.8 |       6 |       9 |  60.0
       D:12 |    5538 |    1558 |  22.0 |      41 |      19 |  31.7
       D:13 |    3324 |       0 |   0.0 |      16 |       0 |   0.0
       D:14 |    6957 |    8559 |  55.2 |      17 |      13 |  43.3
       D:15 |    3221 |    4633 |  59.0 |      18 |       8 |  30.8
     Lair:1 |    1673 |    3280 |  66.2 |      13 |       7 |  35.0
     Lair:2 |    4751 |    1316 |  21.7 |      14 |       4 |  22.2
     Lair:3 |    1745 |    2046 |  54.0 |      11 |       3 |  21.4
     Lair:4 |    3768 |    7851 |  67.6 |      15 |      20 |  57.1
     Lair:5 |    3755 |       0 |   0.0 |      13 |       0 |   0.0
     Lair:6 |    7493 |   11450 |  60.4 |      31 |      43 |  58.1
    Swamp:1 |    6713 |       0 |   0.0 |      19 |       0 |   0.0
    Swamp:2 |   15412 |    2142 |  12.2 |      38 |       1 |   2.6
    Swamp:3 |   14971 |    4730 |  24.0 |      27 |       2 |   6.9
    Swamp:4 |   11970 |   17268 |  59.1 |      37 |      26 |  41.3
   Spider:1 |   18275 |       0 |   0.0 |      44 |       0 |   0.0
   Spider:2 |   17668 |       0 |   0.0 |      51 |       0 |   0.0
   Spider:3 |   13469 |       0 |   0.0 |      39 |       0 |   0.0
   Spider:4 |   14312 |   23725 |  62.4 |      39 |      38 |  49.4
      Orc:1 |     934 |     128 |  12.1 |      23 |       3 |  11.5
      Orc:2 |       0 |   24929 | 100.0 |       0 |     150 | 100.0
      Elf:1 |   12483 |    8354 |  40.1 |      22 |      11 |  33.3
      Elf:2 |   24467 |   27199 |  52.6 |      41 |      32 |  43.8
      Elf:3 |   10432 |   52456 |  83.4 |      18 |      37 |  67.3
   Vaults:1 |     686 |    2703 |  79.8 |       4 |       1 |  20.0
     Bailey |       0 |    1532 | 100.0 |       0 |      27 | 100.0
      IceCv |       0 |    5226 | 100.0 |       0 |      23 | 100.0
     WizLab |       0 |    9017 | 100.0 |       0 |      13 | 100.0
            +---------+---------+-------+---------+---------+-------
